AoeStats
← 93老玩家回归

Arena

510092314Analyzed
4v4 RM · 3d ago on Sep 29, 2026· 52m 31s· 8 players
Game mode
Random Map
Map size
Large (8 player)
Population
200
Speed
Normal
Resources
Standard
Victory
Conquest
Starting age
Dark Age
Ending age
Imperial Age
RankedLock teamsTeams togetherTeam positionsShared explorationLock speedFull tech treeHidden civsTurbo modeCheats
Victory
Defeat
🇨🇳 Khmer · China
1476
+9
🇨🇳 Britons · China
1407
+11
🇨🇳 Hindustanis · China
1373
+12
🇨🇳 Ethiopians · China
1235
+17
🇲🇽 Khmer · Mexico
1317
-13
🇮🇳 Saracens · India
1314
-13
🇭🇰 Bulgarians · Hong Kong SAR China
1290
-12
🇺🇸 Huns · United States
1262
-11
twitch.tv/skof03
10:35 Feudal Age
13:42 Castle Age
13:09 Loom
18:55 Double-Bit Axe
22:47 Wheelbarrow
24:10 Gold Mining
28:41 Imperial Age
26:54 Fletching
28:13 Pikeman
29:02 Bodkin Arrow
34:40 Padded Archer Armor
41:29 Leather Archer Armor
44:56 Bracer
48:46 Double Crossbow
50:13 Gold Shaft Mining
52:43 Chemistry
Slayer
9:58 Feudal Age
11:44 Double-Bit Axe
14:32 Castle Age
12:40 Horse Collar
18:34 Loom
20:15 Wheelbarrow
20:49 Scale Barding Armor
21:27 Forging
22:09 Bloodlines
22:29 Husbandry
25:23 Chain Barding Armor
28:12 Imperial Age
26:14 Marauders
27:37 Iron Casting
27:47 Bow Saw
28:27 Elite Tarkan
30:02 Plate Barding Armor
34:37 Conscription
38:43 Blast Furnace
40:33 Light Cavalry
44:07 Hussar
44:48 Fletching
48:54 Caravan
49:25 Coinage
NUR
10:51 Feudal Age
14:26 Castle Age
12:10 Horse Collar
12:54 Double-Bit Axe
15:02 Wheelbarrow
15:32 Bow Saw
15:33 Heavy Plow
19:54 Gold Mining
21:41 Loom
23:28 Bloodlines
23:40 Husbandry
24:45 Scale Barding Armor
24:51 Forging
25:57 Chain Barding Armor
26:20 Iron Casting
28:00 Gold Shaft Mining
28:37 Light Cavalry
32:08 Imperial Age
29:54 Hand Cart
29:24 Town Watch
30:10 Stone Mining
30:12 Fletching
30:25 Padded Archer Armor
32:00 Leather Archer Armor
32:22 Coinage
32:50 Thumb Ring
33:49 Chemistry
34:07 Two-Man Saw
34:04 Banking
34:16 Ring Archer Armor
34:48 Blast Furnace
35:32 Hussar
37:25 Plate Barding Armor
38:20 Conscription
42:14 Bimaristan
42:11 Fletching
42:37 Masonry
42:56 Ballistics
43:36 Bodkin Arrow
43:49 Heavy Camel Rider
44:31 Bracer
47:33 Hoardings
50232516
10:59 Feudal Age
9:15 Loom
11:53 Double-Bit Axe
14:50 Castle Age
16:39 Fletching
17:04 Town Watch
18:52 Bodkin Arrow
25:32 Wheelbarrow
37:38 Hand Cart
37:27 Gold Mining
42:17 Imperial Age
40:07 Scale Mail Armor
40:18 Forging
39:56 Pikeman
40:37 Squires
41:00 Squires
40:46 Arson
40:47 Gambesons
42:15 Iron Casting
41:55 Chain Mail Armor
42:25 Halberdier
44:08 Conscription
44:54 Blast Furnace
48:45 Plate Mail Armor
48:44 Horse Collar
49:15 Bow Saw
送你一个极瘪
10:22 Feudal Age
12:06 Double-Bit Axe
14:52 Castle Age
15:51 Fletching
16:27 Bow Saw
16:56 Bodkin Arrow
22:14 Scale Mail Armor
24:08 Squires
25:29 Wheelbarrow
25:02 Horse Collar
27:32 Town Watch
32:40 Imperial Age
31:40 Gold Mining
33:07 Halberdier
34:17 Conscription
34:58 Gold Shaft Mining
34:48 Chain Mail Armor
34:44 Forging
42:13 Heavy Plow
45:21 Hand Cart
46:11 Chain Mail Armor
46:08 Forging
49:31 Capped Ram
51:24 Plate Mail Armor
51:30 Iron Casting
51:38 Iron Casting
50:33 Siege Ram
06老玩家回归
9:55 Feudal Age
13:39 Castle Age
11:29 Double-Bit Axe
11:41 Horse Collar
14:38 Bow Saw
14:35 Heavy Plow
20:27 Loom
24:09 Fletching
26:47 Wheelbarrow
28:19 Bodkin Arrow
34:27 Gold Mining
38:44 Imperial Age
37:52 Gold Shaft Mining
37:08 Stone Mining
37:56 Hand Cart
38:09 Padded Archer Armor
39:09 Town Watch
39:27 Bracer
39:42 Leather Archer Armor
39:28 Crossbowman
41:23 Two-Man Saw
40:17 Arbalester
43:02 Conscription
42:06 Elite Skirmisher
43:09 Siege Engineers
44:05 Chemistry
43:26 Ballistics
44:03 Ring Archer Armor
44:41 Warwolf
46:21 Town Patrol
47:40 Yeomen
93老玩家回归
10:06 Feudal Age
13:36 Castle Age
11:57 Double-Bit Axe
13:24 Horse Collar
16:02 Wheelbarrow
27:16 Imperial Age
25:51 Gold Mining
26:22 Scale Barding Armor
26:28 Forging
26:35 Hand Cart
26:06 Loom
26:06 Town Watch
27:24 Chain Barding Armor
27:31 Bow Saw
27:23 Heavy Plow
28:02 Gold Shaft Mining
27:56 Husbandry
28:08 Bloodlines
28:38 Iron Casting
27:36 Heavy Camel Rider
29:37 Chemistry
30:35 Conscription
30:16 Grand Trunk Road
31:04 Plate Barding Armor
31:16 Imperial Camel Rider
33:41 Blast Furnace
36:03 Padded Archer Armor
35:54 Fletching
38:01 Shatagni
38:25 Caravan
38:50 Stone Mining
47:46 Hoardings
47:26 Fortified Wall
47:21 Siege Engineers
47:26 Masonry
47:37 Ballistics
47:36 Leather Archer Armor
47:17 Bodkin Arrow
47:19 Light Cavalry
48:18 Hussar
喜足天
9:20 Feudal Age
12:39 Castle Age
11:04 Double-Bit Axe
11:44 Horse Collar
18:27 Wheelbarrow
17:41 Loom
20:29 Bow Saw
22:03 Heavy Plow
24:32 Stone Mining
24:33 Gold Mining
28:28 Imperial Age
28:03 Scale Barding Armor
28:33 Hand Cart
28:04 Town Watch
28:33 Husbandry
28:43 Bloodlines
28:25 Light Cavalry
29:47 Conscription
29:27 Double Crossbow
28:48 Elite Ballista Elephant
29:55 Chain Barding Armor
29:49 Forging
30:49 Hussar
32:34 Plate Barding Armor
33:48 Double Crossbow
34:26 Hoardings
34:20 Fletching
34:57 Bodkin Arrow
36:03 Chemistry
35:24 Ballistics
34:59 Murder Holes
35:16 Masonry
35:16 Fortified Wall
36:35 Iron Casting
36:00 Bracer
37:24 Hoardings
38:06 Ballistics
37:52 Siege Engineers
39:39 Blast Furnace
39:11 Architecture
42:23 Coinage
42:28 Ballistics
45:20 Banking
46:05 Town Patrol
51:01 Capped Ram
52:04 Caravan
Connection lost

Rejoining the realm…

Still unreachable

The connection could not be restored.

Session expired

The server has moved on; the page needs a fresh start.